[Event "*** Titled Tuesday Blitz"]
[Site "Chess.com"]
[Date "2019.07.02"]
[Round "6"]
[White "RitvarsReimanis"]
[Black "AndrewMaco"]
[Result "0-1"]
[WhiteElo "2578"]
[BlackElo "2604"]
[TimeControl "180+2"]
[EndTime "14:22:16 PDT"]
[Termination "AndrewMaco won on time"]

1. d4 Nf6 2. c4 e6 3. Nc3 Bb4 4. Qc2 d5 5. cxd5 Qxd5 6. Nf3 Qf5 7. Qxf5 exf5 8. Bd2 Be6 9. e3 c6 10. a3 Be7 11. b4 Nbd7 12. Na4 Ne4 13. Nc5 Ndxc5 14. bxc5 b6 15. Ba6 Rb8 16. Rb1 O-O 17. cxb6 Rxb6 18.
Rxb6 axb6 19. O-O Bxa3 20. Bb7 Bd5 21. Ne5 Nxd2 22. Ra1 Bd6 23. Bxc6 Bxc6 24. Nxc6 b5 25. Rd1 Ne4 26. f3 Nc3 27. Rd3 b4 28. Na5 Ra8 29.
Nc4 Be7 30. h3 Ra1+ 31. Kh2 Rc1 32. d5 Nxd5 33. Ne5 Nf6 34. g4 fxg4 35. hxg4 Rc3 36.
Rd4 Rxe3 37. Nc6 Bf8 38. Kg3 h6 39. Rd8 Re8 40. Rd3 Rc8 41. Ne5 g5 42. f4 Rc3 43.
fxg5 hxg5 0-1

[Event "*** Titled Tuesday Blitz"]
[Site "Chess.com"]
[Date "2019.07.02"]
[Round "6"]
[White "MasterKroket"]
[Black "stoleriu"]
[Result "1-0"]
[WhiteElo "2387"]
[BlackElo "2508"]
[TimeControl "180+2"]
[EndTime "14:22:16 PDT"]
[Termination "MasterKroket won by resignation"]

1. d4 e6 2. c4 b6 3. a3 Bb7 4. Nc3 g6 5. e4 Bg7 6. Nf3 d6 7. h4 h5 8. Bg5 Ne7 9. Bd3 Nd7 10. d5 e5 11. b4 a5 12. Nh2 Nf6 13. c5 axb4 14. axb4 Rxa1 15. Qxa1 bxc5 16. bxc5 dxc5 17. Qa4+ Qd7 18. Qa7 c6 19. Na4 Bc8 20. Qxc5 O-O 21. d6 Re8 22. Bc2 Qb7 23. dxe7 Qa6 24. Nf3 Nd7 25.
Qc3 f6 26. Be3 Rxe7 27. Nc5 Nxc5 28. Bxc5 Rd7 29. Bb3+ Kh7 30. Bc4 Qa4 31. O-O Rd1 32. Rxd1 Qxd1+ 33. Kh2 Bg4 34. Qd3 Qc1 35. Be3 Qb2 36.
Nd2 Qb8 37. f3 Bc8 38. Qd8 1-0

[Event "*** Titled Tuesday Blitz"]
[Site "Chess.com"]
[Date "2019.07.02"]
[Round "6"]
[White "vova-79"]
[Black "SavelievAlexei"]
[Result "1/2-1/2"]
[WhiteElo "2394"]
[BlackElo "2383"]
[TimeControl "180+2"]
[EndTime "14:22:18 PDT"]
[Termination "Game drawn by agreement"]

1. d4 Nf6 2. c4 e6 3. Nc3 Bb4 4. e3 O-O 5. Ne2 d5 6. a3 Bd6 7. Ng3 b6 8. Be2 Re8 9. O-O Bb7 10. Bf3 a6 11. b4 Qc8 12. c5 Bf8 13. e4 dxe4 14.
Ngxe4 Nxe4 15. Nxe4 Bd5 16. Bf4 Qb7 17. Re1 Nc6 18.
Nd2 Rad8 19. Be3 e5 20. dxe5 Nxe5 21. Bxd5 Rxd5 22. cxb6 cxb6 23. Qe2 Red8 24. h3 Be7 25. Ra2 b5 26. Nb3 Nd3 27. Rf1 Bf6 28. Rc2 Qe7 29. Qf3 Ne5 30. Qe2 Nc4 31. Bc5 Qd7 32. a4 bxa4 33. Qxc4 axb3 34. Qxb3 Qb5 35. Qc4 1/2-1/2

[Event "*** Titled Tuesday Blitz"]
[Site "Chess.com"]
[Date "2019.07.02"]
[Round "6"]
[White "chesstatour"]
[Black "ecwinslow"]
[Result "1-0"]
[WhiteElo "2018"]
[BlackElo "1966"]
[TimeControl "180+2"]
[EndTime "14:22:19 PDT"]
[Termination "chesstatour won by resignation"]

1. d4 Nf6 2. c4 g6 3. Nc3 Bg7 4. e4 d6 5. f4 O-O 6. Nf3 c5 7. d5 e6 8. dxe6 fxe6 9. Bd3 Nc6 10. O-O Nd4 11. Ng5 a6 12. Bd2 b5 13. e5 Ne8 14. Nxh7 Kxh7 15. Qh5+ Kg8 16. Bxg6 Rf5 17. Qh7+ Kf8 18. g4 Rf7 19. f5 dxe5 20. Bxf7 Kxf7 21. fxe6+ Kxe6 22. Qg6+ Nf6 23. Qxg7 Qe7 24. Qg6 Bb7 25. Bg5 Nf3+ 26. Rxf3 Bxf3 27. Qf5+ Kd6 28. Qxf3 Rf8 29. Rf1 e4 30. Qf4+ Qe5 31. Qd2+ Kc6 32. Bxf6 Rxf6 33.
Rxf6+ Qxf6 34. cxb5+ axb5 35. Nxe4 Qd4+ 36. Qxd4 cxd4 37.
Kf2 Kd5 38. Nd2 Ke5 39. Kf3 b4 40. b3 1-0

[Event "*** Titled Tuesday Blitz"]
[Site "Chess.com"]
[Date "2019.07.02"]
[Round "6"]
[White "FrenchMonster2002"]
[Black "EndgameGrinder"]
[Result "0-1"]
[WhiteElo "2440"]
[BlackElo "2577"]
[TimeControl "180+2"]
[EndTime "14:22:22 PDT"]
[Termination "EndgameGrinder won by resignation"]

1. e4 c5 2. Nc3 e6 3. Nf3 Nc6 4. d4 cxd4 5. Nxd4 Qc7 6. Be3 a6 7. Qf3 d6 8. O-O-O Bd7 9. Qg3 Rc8 10. Nxc6 Bxc6 11. Bd4 Nf6 12. e5 Ne4 13. Nxe4 Bxe4 14. c3 d5 15. Bd3 Bxd3 16. Rxd3 b5 17. Kb1 g6 18. Rc1 h5 19. h4 Be7 20. f4 Qd8 21.
Rh1 b4 22. Qf2 Qd7 23. g3 Qb5 24. Rf3 bxc3 25. Rxc3 Rxc3 26. Bxc3 O-O 27. Qd2 Rc8 28.
Rc1 Rc4 29. Bd4 Rxc1+ 30. Kxc1 Bb4 31. Bc3 Bc5 32. Kc2 Qa4+ 33. Kb1 Qe4+ 34. Ka1 Be3 35. Qe1 d4 36. Bd2 Qc2 37. Ba5 d3 38. a3 d2 39.
Bxd2 Qxd2 40. Qf1 Qc1+ 41. Qxc1 Bxc1 42. b4 Bxa3 0-1

[Event "*** Titled Tuesday Blitz"]
[Site "Chess.com"]
[Date "2019.07.02"]
[Round "6"]
[White "Perecke"]
[Black "novocane"]
[Result "0-1"]
[WhiteElo "2034"]
[BlackElo "2247"]
[TimeControl "180+2"]
[EndTime "14:22:23 PDT"]
[Termination "novocane won by checkmate"]

1. e4 c5 2. Nf3 Nc6 3. Nc3 e5 4. Bc4 Be7 5. d3 d6 6. O-O Nf6 7. Ng5 O-O 8. f4 h6 9. Nf3 Bg4 10. Be3 Nd4 11. Bxd4 cxd4 12. Nd5 Nxd5 13. Bxd5 exf4 14.
h3 Bh5 15. Qd2 Bxf3 16. Rxf3 g5 17. Raf1 Kg7 18. g3 f5 19. gxf4 g4 20. hxg4 fxg4 21. Rg3 h5 22. Qf2 Bh4 23. Qxd4+ Qf6 24. Qxf6+ Rxf6 25.
Rg2 Kh6 26. Bxb7 Raf8 27. f5 Bg5 28. Bd5 Be3+ 29. Kh2 Kg5 30. Re1 Bf4+ 31. Kh1 h4 32. Reg1 g3 33. Bb3 Kg4 34. Re2 h3 35. Rd1 g2+ 36.
Kg1 Kg3 37. Re3+ Bxe3# 0-1

[Event "*** Titled Tuesday Blitz"]
[Site "Chess.com"]
[Date "2019.07.02"]
[Round "6"]
[White "DanielNaroditsky"]
[Black "iturrizaga"]
[Result "1-0"]
[WhiteElo "3036"]
[BlackElo "2945"]
[TimeControl "180+2"]
[EndTime "14:22:27 PDT"]
[Termination "DanielNaroditsky won on time"]

1. Nf3 c5 2. e4 g6 3. h4 h5 4. Bc4 Bg7 5. d3 Nc6 6. Nc3 d6 7. Ng5 e6 8. Bf4 a6 9. a4 Nf6 10. Qd2 b6 11. Nf3 Ng4 12. Ng5 Nge5 13. Ba2 Nd4 14. Nd1 b5 15. c3 Ndc6 16. Ne3 O-O 17.
Bg3 b4 18. f4 bxc3 19. bxc3 Nd7 20. O-O Qe7 21. Rae1 Bb7 22. f5 Nde5 23. fxe6 fxe6 24. Bxe6+ Kh8 25. Nd5 Qd8 26. Rxf8+ Qxf8 27. Rf1 Qb8 28.
Nf7+ Nxf7 29. Rxf7 Nd8 30. Re7 Nxe6 31. Rxe6 Bxd5 32. exd5 Qb1+ 33. Kh2 Rf8 34. Re1 Qb3 35. Bxd6 Rd8 36. Be5 Qxd5 37. Qh6+ 1-0

[Event "*** Titled Tuesday Blitz"]
[Site "Chess.com"]
[Date "2019.07.02"]
[Round "6"]
[White "zurzan"]
[Black "Kimster98"]
[Result "0-1"]
[WhiteElo "1931"]
[BlackElo "2573"]
[TimeControl "180+2"]
[EndTime "14:22:28 PDT"]
[Termination "Kimster98 won on time"]

1. e4 d6 2. d4 Nf6 3. Nc3 c6 4. Bc4 b5 5. Bd3 e5 6. d5 b4 7. Nce2 cxd5 8. exd5 g6 9. c3 bxc3 10. Nxc3 Bg7 11. h4 Nbd7 12. h5 Nxh5 13. Rxh5 gxh5 14.
Qxh5 Nf6 15. Qg5 Kf8 16. Nf3 Bb7 17. Nh4 Nxd5 18. Qg3 Ne7 19. Bg5 f6 20. Be3 d5 21.
Bc5 Kf7 22. Bxe7 Qxe7 23. Nf5 Qf8 24. Nb5 Rd8 25. O-O-O Bc8 26. Kb1 Bxf5 27. Bxf5 Qc5 28. Nc3 Rd6 29. Qh3 Qxf2 30. Qh5+ Kf8 31. Nxd5 Qc5 32.
Rc1 Qxd5 33. Rc8+ Rd8 34. Rxd8+ Qxd8 35. Be6 Qe7 36. Bc4 Qd7 37. a3 Ke7 38. Qf7+ Kd8 39. Qg6 hxg6 0-1

[Event "*** Titled Tuesday Blitz"]
[Site "Chess.com"]
[Date "2019.07.02"]
[Round "6"]
[White "GMHess"]
[Black "Bagirova"]
[Result "1-0"]
[WhiteElo "2726"]
[BlackElo "1911"]
[TimeControl "180+2"]
[EndTime "14:22:29 PDT"]
[Termination "GMHess won by checkmate"]

1. b3 Nf6 2. Bb2 g6 3. Bxf6 exf6 4. c4 Bg7 5. Nc3 O-O 6. g3 d6 7. Bg2 Nc6 8. e3 Re8 9. Nge2 Bg4 10. O-O Qd7 11. d4 Bh6 12. Nd5 Bg7 13. f3 Be6 14. Ndc3 Bh3 15. Bxh3 Qxh3 16. Nd5 Rac8 17. Qd3 Ne7 18.
Rac1 c6 19. Ndf4 Qh6 20. b4 g5 21. Ng2 f5 22. f4 g4 23. Nh4 Qe6 24. Nc3 d5 25.
cxd5 cxd5 26. Nb5 Nc6 27. Nxf5 Nxb4 28. Qb1 Rxc1 29. Rxc1 Nxa2 30. Nc7 Qe4 31. Nxe8 Qxe8 32. Rc8 Qxc8 33. Ne7+ Kf8 34. Nxc8 Nc3 35. Qb4+ Ke8 36. Qe7# 1-0

[Event "*** Titled Tuesday Blitz"]
[Site "Chess.com"]
[Date "2019.07.02"]
[Round "6"]
[White "JustaTrickstar"]
[Black "StephenDedalus83"]
[Result "1-0"]
[WhiteElo "2857"]
[BlackElo "2801"]
[TimeControl "180+2"]
[EndTime "14:22:31 PDT"]
[Termination "JustaTrickstar won by resignation"]

1. c4 g6 2. d4 Bg7 3. e4 d6 4. Nc3 Nf6 5. Be2 O-O 6. Be3 Nbd7 7. Nf3 c5 8. d5 b5 9. cxb5 a6 10. O-O Qa5 11. a4 axb5 12. axb5 Qxa1 13. Qxa1 Rxa1 14. Rxa1 Bb7 15. Ra7 Rb8 16. Nd2 Nb6 17. Nc4 Nxc4 18. Bxc4 Nd7 19. Na4 f5 20. f3 fxe4 21. fxe4 Nf6 22.
Nc3 Ng4 23. Bf2 Rf8 24. Rxb7 Rxf2 25. Ne2 Bd4 26. Nxd4 cxd4 27. h3 Rc2 28. hxg4 Rxc4 29. Rxe7 d3 30. Kf2 Rb4 31. Ke3 Rxb5 32. Kxd3 Rxb2 33.
e5 dxe5 34. d6 Kf8 35. Rxh7 Rb4 36. d7 Rd4+ 37. Ke3 g5 38. Kf3 Rf4+ 39. Ke3 Rd4 40.
d8=Q+ Rxd8 41. Rh8+ Ke7 42. Rxd8 Kxd8 43. Ke4 Ke8 44.
Kxe5 Ke7 45. Kf5 Kf7 46. Kxg5 Kg7 47. Kf5 Kf7 48. g5 Kg7 49. g6 Kg8 50. Kg5 Kg7 51. Kf5 Kg8 52. Kf6 Kf8 53. g7+ Kg8 54. g3 Kh7 55.
Kf7 Kh6 56. g8=Q 1-0

[Event "*** Titled Tuesday Blitz"]
[Site "Chess.com"]
[Date "2019.07.02"]
[Round "6"]
[White "julinha97"]
[Black "sebsep"]
[Result "1-0"]
[WhiteElo "2234"]
[BlackElo "2147"]
[TimeControl "180+2"]
[EndTime "14:22:32 PDT"]
[Termination "julinha97 won by resignation"]

1. e4 e5 2. Nf3 Nc6 3. Bb5 a6 4. Ba4 Nf6 5. O-O Be7 6. Re1 b5 7. Bb3 d6 8. c3 O-O 9. d4 Bg4 10. Be3 exd4 11. cxd4 d5 12. e5 Ne4 13. Nc3 Nxc3 14. bxc3 Na5 15. Bc2 Nc4 16. Bc1 b4 17. Qd3 g6 18. h3 Bf5 19. Qe2 Bxc2 20. Qxc2 Rb8 21. e6 bxc3 22. exf7+ Rxf7 23. a3 c5 24. Qxc3 Bf6 25. Ne5 cxd4 26. Nxf7 dxc3 27. Nxd8 Rxd8 28.
Rb1 c2 29. Rb3 d4 30. Rb4 d3 31. Rxc4 d2 32. Bxd2 Rxd2 33. Re8+ Kf7 34. Rec8 Be5 35. g3 Rd1+ 36. Kg2 Rd3 37. a4 Ra3 38. Rxc2 Rxa4 39. f4 Bd6 40. Rd2 Be7 41. Rc7 Ke6 42. Re2+ 1-0

[Event "*** Titled Tuesday Blitz"]
[Site "Chess.com"]
[Date "2019.07.02"]
[Round "6"]
[White "Msb2"]
[Black "moro182"]
[Result "0-1"]
[WhiteElo "2856"]
[BlackElo "2801"]
[TimeControl "180+2"]
[EndTime "14:22:43 PDT"]
[Termination "moro182 won by resignation"]

1. d4 d5 2. c4 e6 3. Nc3 Nf6 4. cxd5 exd5 5. Bg5 c6 6. e3 h6 7. Bh4 Be6 8. Bd3 Nbd7 9. Nge2 g5 10. Bg3 Nh5 11.
Qc2 Nxg3 12. Nxg3 h5 13. Nf5 Qf6 14. O-O-O O-O-O 15. Kb1 Kb8 16. f4 h4 17. Rhf1 Nb6 18.
fxg5 Qxg5 19. e4 Rg8 20. Rd2 Bb4 21. e5 c5 22. a3 cxd4 23. Nxd4 Bxc3 24. Qxc3 Rc8 25.
Qa5 Nc4 26. Bxc4 Rxc4 27. Nb5 Qe3 28. Nd6 Rc5 29. Qb4 b6 30. h3 Qxe5 31. Nxf7 Qc7 32.
Qf4 Rf8 33. Rdf2 Rxf7 34. Qxh4 Rxf2 35. Qxf2 Rc6 36. g4 Qh7+ 37. Ka1 Qd3 38. Re1 Qc4 39.
Qf6 d4 40. b4 0-1

[Event "*** Titled Tuesday Blitz"]
[Site "Chess.com"]
[Date "2019.07.02"]
[Round "6"]
[White "CMS13"]
[Black "Samantha_Ross"]
[Result "1/2-1/2"]
[WhiteElo "1992"]
[BlackElo "2031"]
[TimeControl "180+2"]
[EndTime "14:22:43 PDT"]
[Termination "Game drawn by repetition"]

1. e4 c5 2. Nc3 d6 3. f4 Nc6 4. Bb5 Nf6 5. Bxc6+ bxc6 6. d3 g6 7. Nf3 Bg7 8. O-O O-O 9. Qe1 e6 10. e5 Nd5 11. Ne4 dxe5 12. fxe5 Rb8 13. Kh1 Nb4 14.
Qf2 Na6 15. Nxc5 Nxc5 16. Qxc5 Qb6 17. Be3 Rd8 18. b3 Bb7 19. Qxb6 axb6 20. Bxb6 Rd5 21. d4 Ba6 22. c4 Rxb6 23. cxd5 Bxf1 24. Rxf1 exd5 25.
Rc1 Ra6 26. a4 Bf8 27. Kg1 Rb6 28. Rb1 Bb4 29. Kf2 Kg7 30. Ke3 f6 31. exf6+ Kxf6 32. Ne5 Ke7 33. Rc1 Kd6 34. Kd3 Ra6 35. Rf1 Ke6 36. Rf7 Bd6 37. Rxh7 Bxe5 38. dxe5 Kxe5 39. Rg7 c5 40. Rc7 Kd6 41. Rg7 Ke5 42. Rc7 Kd6 43.
Rc8 Rb6 44. Kc3 d4+ 45. Kc2 Kd5 46. Rd8+ Ke4 47. Re8+ Kd5 48. Rd8+ Ke4 49. Re8+ Kd5 50. Rd8+ 1/2-1/2

[Event "*** Titled Tuesday Blitz"]
[Site "Chess.com"]
[Date "2019.07.02"]
[Round "6"]
[White "FairChess_on_YouTube"]
[Black "dmosesov"]
[Result "1-0"]
[WhiteElo "3043"]
[BlackElo "2515"]
[TimeControl "180+2"]
[EndTime "14:22:45 PDT"]
[Termination "FairChess_on_YouTube won by resignation"]

1. Nf3 d5 2. d4 Nf6 3. c4 e6 4.
g3 Bb4+ 5. Bd2 a5 6. Bg2 O-O 7. O-O dxc4 8. Bg5 Be7 9. Qc2 b5 10. a4 b4 11. Nbd2 Bb7 12. Bxf6 Bxf6 13. Nxc4 Nd7 14.
Ng5 Bxg5 15. Bxb7 Ra7 16. Bf3 c5 17. d5 exd5 18. Bxd5 Nb6 19. Nxb6 Qxb6 20. Rad1 Bf6 21. b3 Rd8 22. Be4 g6 23. Rxd8+ Bxd8 24. Rd1 Bf6 25. Qc4 Re7 26. e3 Kg7 27. Bf3 Qc7 28. Kg2 h5 29.
h4 Re6 30. Rd5 Re5 31. Rd3 Re6 32. Bd5 Rd6 33. e4 Rd7 34. f4 Bd4 35. Rf3 Re7 36. f5 Bf6 37. Qa6 Qe5 38. fxg6 fxg6 39. Qxa5 Qb2+ 40.
Rf2 Qd4 41. Qa8 Kh6 42. Qf8+ 1-0

[Event "*** Titled Tuesday Blitz"]
[Site "Chess.com"]
[Date "2019.07.02"]
[Round "6"]
[White "Kubas1010"]
[Black "Grischuk"]
[Result "0-1"]
[WhiteElo "2629"]
[BlackElo "3077"]
[TimeControl "180+2"]
[EndTime "14:22:46 PDT"]
[Termination "Grischuk won by resignation"]

1. d4 Nf6 2. c4 g6 3. Nc3 Bg7 4. e4 d6 5. Nf3 O-O 6. h3 Na6 7. Be3 c6 8. Be2 e5 9. d5 cxd5 10. cxd5 Nh5 11. g3 f5 12. exf5 gxf5 13. Bg5 Qe8 14.
Nh4 Nf6 15. Qc2 Nc5 16. g4 Nfe4 17. Nxe4 fxe4 18. Be3 Bd7 19. Bxc5 Rc8 20. Qxe4 Rf4 21. Qe3 Rxc5 22. Nf3 Rxd5 23. O-O Kh8 24. Nd2 Bc6 25. Ne4 Rd4 26. f3 Bxe4 27. fxe4 Rdxe4 28. Qd3 Rd4 29. Qb5 Qxb5 30. Bxb5 h5 31. Rxf4 Rxf4 32. gxh5 Rb4 33.
Bd3 e4 34. Be2 Rxb2 35. Re1 Bc3 36. Rc1 Rxe2 37. Rxc3 d5 38. Rc7 d4 39. Rd7 d3 40.
a4 d2 0-1

[Event "*** Titled Tuesday Blitz"]
[Site "Chess.com"]
[Date "2019.07.02"]
[Round "6"]
[White "Kirill_Klukin"]
[Black "Alex_Molchanov"]
[Result "1-0"]
[WhiteElo "2652"]
[BlackElo "2573"]
[TimeControl "180+2"]
[EndTime "14:22:49 PDT"]
[Termination "Kirill_Klukin won by resignation"]

1. d4 Nf6 2. Nf3 d5 3. c4 e6 4. Nc3 Be7 5. Bg5 h6 6. Bh4 Nbd7 7. e3 O-O 8. Qc2 dxc4 9. Bxc4 c5 10. O-O b6 11. Rfd1 cxd4 12. Nxd4 Bb7 13. Nxe6 fxe6 14. Bxe6+ Kh8 15. Bxf6 Bxf6 16. Rxd7 Qe8 17. Rxb7 Qxe6 18. Rd1 Rac8 19. Rxa7 Bh4 20. g3 Bg5 21. Qe4 Qf6 22. f4 Rce8 23. Qg2 Rxe3 24. Nd5 Qe6 25. Nxe3 Be7 26. Rxe7 Qxe7 27. Nd5 Qe6 28. Nc3 b5 29. Qe2 Qb6+ 30. Qf2 Qa6 31. a3 Rb8 32. Rd7 Qe6 33. Qd4 Qe1+ 34. Kg2 Rg8 35. Rd8 Qc1 36. Rxg8+ Kxg8 37. Qd8+ Kh7 38. Qd3+ Kg8 39. Qxb5 Qd2+ 40. Qe2 Qc1 41.
a4 Qa1 42. Qc2 Kh8 43. b4 Qa3 44. b5 Qb4 45. Qd3 h5 46. Qe3 h4 47. gxh4 Qb2+ 48. Kg3 Qa1 49. b6 Qb2 50. a5 Qb4 51. a6 Qf8 52. a7 Qa8 53. Ne4 Kh7 54.
Ng5+ Kh6 55. Qe6+ Kh5 56. Qg4+ Kg6 57. Ne4+ Kh7 58. Qf5+ g6 59. Qf7+ Kh6 60. Qe6 Qd8 61.
Qd6 Qe8 62. f5 1-0

[Event "*** Titled Tuesday Blitz"]
[Site "Chess.com"]
[Date "2019.07.02"]
[Round "6"]
[White "DryCounty"]
[Black "VladDobrov"]
[Result "0-1"]
[WhiteElo "2712"]
[BlackElo "2852"]
[TimeControl "180+2"]
[EndTime "14:22:50 PDT"]
[Termination "VladDobrov won by resignation"]

1. e4 c5 2. Nf3 Nc6 3. d4 cxd4 4.
Nxd4 Qb6 5. Nb3 Nf6 6. Nc3 e6 7. Bd3 a6 8. O-O h5 9. h3 Be7 10. a4 Qc7 11. a5 g5 12. Bxg5 Ng4 13. hxg4 hxg4 14. f4 gxf3 15. Qxf3 Bxg5 16. Qxf7+ Kd8 17.
Qg7 Be3+ 18. Rf2 Qe5 19. Qxe5 Nxe5 20. Nd1 Ba7 21. Kf1 Rh1+ 22. Ke2 Bxf2 23. Nxf2 Rxa1 24. Nxa1 Ke7 25. Nb3 d6 26. Nd2 Bd7 27. b4 Rg8 28. Kf1 Nc6 29. c3 Ne5 30. Be2 Rc8 31. c4 Nc6 32.
Nd3 Nd4 33. Bd1 e5 34. Kf2 Be6 35. c5 Rf8+ 36. Ke3 Rg8 37. Bf3 Nc2+ 38. Ke2 Kd7 39. cxd6 Kxd6 40. Kd1 Rc8 41. Nc5 Nxb4 42. Nxb7+ Kc6 43.
Nd8+ Rxd8 44. Ke2 Kc5 45. Ke3 Rd3+ 46. Ke2 Ra3 0-1

[Event "*** Titled Tuesday Blitz"]
[Site "Chess.com"]
[Date "2019.07.02"]
[Round "6"]
[White "NeverEverForever1990"]
[Black "Daniel-2003"]
[Result "1-0"]
[WhiteElo "2434"]
[BlackElo "2286"]
[TimeControl "180+2"]
[EndTime "14:22:51 PDT"]
[Termination "NeverEverForever1990 won by resignation"]

1. d4 Nf6 2. Nf3 e6 3. Bf4 h6 4. h3 c5 5. e3 Nc6 6. Nbd2 d5 7. c3 Bd6 8. Bxd6 Qxd6 9. Bb5 Bd7 10.
O-O O-O-O 11. Bxc6 Bxc6 12. b4 cxd4 13. cxd4 Kb8 14.
Qb3 Ne4 15. a4 Nxd2 16. Nxd2 Bd7 17. Rfc1 Bc6 18. Rc3 Bd7 19. Rac1 Bc6 20. Nf3 f6 21. Ne1 Rc8 22. Nd3 b6 23. Nc5 Ba8 24. Na6+ Kb7 25. Rc7+ Rxc7 26. Rxc7+ Qxc7 27. Nxc7 Kxc7 28. b5 Kd7 29. a5 bxa5 30. Qa3 Bb7 31. Qxa5 Ra8 32.
Kh2 h5 33. h4 e5 34. g3 e4 35.
Qa3 a6 36. bxa6 Bc6 37. a7 Kc7 38. Qe7+ Kb6 39. Qxg7 f5 40. Qf6 Rxa7 41. Qxf5 Ra2 42. g4 hxg4 43. h5 Kc7 44. h6 Ra8 45. h7 Bd7 46.
Qe5+ Kc6 47. h8=Q 1-0

[Event "*** Titled Tuesday Blitz"]
[Site "Chess.com"]
[Date "2019.07.02"]
[Round "6"]
[White "Galileo22"]
[Black "vanea_03"]
[Result "0-1"]
[WhiteElo "2394"]
[BlackElo "2654"]
[TimeControl "180+2"]
[EndTime "14:22:54 PDT"]
[Termination "vanea_03 won by resignation"]

1. d4 Nf6 2. Nf3 d5 3. e3 e6 4. Bd3 b6 5. Nbd2 Bb7 6. O-O Bd6 7. b3 O-O 8. Bb2 Ne4 9. c4 Nd7 10. Ne5 Bxe5 11. dxe5 Nxd2 12. Qxd2 Nc5 13. Rfd1 dxc4 14. Bxc4 Qg5 15. Bf1 Bf3 16. Rdc1 Rfd8 17. Qc2 Rd7 18.
Bd4 Nb7 19. Kh1 Bd5 20. f4 Qg4 21. Bb2 Nc5 22. Qe2 Qg6 23. Bd4 Ne4 24. Rd1 Rad8 25.
Kg1 h5 26. Rac1 h4 27. Qe1 h3 28. g3 Ng5 29. fxg5 Qe4 30. Qe2 Qh1+ 31. Kf2 c5 32. Bb2 Qxh2+ 33. Ke1 Qxg3+ 34. Qf2 Qg4 35. Be2 Qxg5 36.
e4 Bxe4 37. Rxd7 Rxd7 38. Rd1 Rxd1+ 39. Kxd1 Qg2 40. Qe3 h2 41. Bc1 h1=Q+ 42. Kd2 Bf3 43. Qxf3 Qxf3 44. Bxf3 Qxf3 45. Kc2 Qd5 46. Kb2 Qxe5+ 47.
Kb1 Qd5 0-1

[Event "*** Titled Tuesday Blitz"]
[Site "Chess.com"]
[Date "2019.07.02"]
[Round "6"]
[White "XiaoKangZhong"]
[Black "checkmatequen"]
[Result "1-0"]
[WhiteElo "2253"]
[BlackElo "2216"]
[TimeControl "180+2"]
[EndTime "14:22:54 PDT"]
[Termination "XiaoKangZhong won by resignation"]

1. e4 c5 2. Nf3 e6 3. c3 d5 4. exd5 Qxd5 5. d4 Nf6 6. Bb5+ Nc6 7. O-O Be7 8. Bf4 O-O 9. c4 Qd8 10. Bxc6 bxc6 11. Ne5 Bb7 12. dxc5 Bxc5 13. Nc3 Qe7 14. Na4 Rfd8 15. Qc2 Nd7 16. Nxd7 Rxd7 17. Nxc5 Qxc5 18. Be3 Qh5 19. b4 e5 20. Rfd1 Rad8 21. Rxd7 Rxd7 22. f3 f5 23. Rd1 Qf7 24. a4 h6 25. b5 cxb5 26. Rxd7 Qxd7 27. axb5 f4 28. Bxa7 Bxf3 29. gxf3 Qxa7+ 30. c5 Qa1+ 31. Kg2 e4 32. Qxe4 Qb2+ 33. Kh3 Qxb5 34. c6 Qf1+ 35. Kg4 Qg2+ 36. Kf5 Qg5+ 37. Ke6 Qf6+ 38. Kd5 Qd8+ 39. Ke6 Qe8+ 40. Kf5 Qf7+ 41.
Ke5 Qe7+ 42. Kd4 Qb4+ 43. Kd3 Qb3+ 44. Kd4 Qb4+ 45. Kd5 Qb5+ 46. Kd6 Qb8+ 47. c7 Qb6+ 48. Kd7 Qb5+ 49. Qc6 Qf5+ 50. Qe6+ Qxe6+ 51. Kxe6 1-0

[Event "*** Titled Tuesday Blitz"]
[Site "Chess.com"]
[Date "2019.07.02"]
[Round "6"]
[White "TheCount"]
[Black "Tjktiger"]
[Result "0-1"]
[WhiteElo "2781"]
[BlackElo "2876"]
[TimeControl "180+2"]
[EndTime "14:22:58 PDT"]
[Termination "Tjktiger won by checkmate"]

1. Nf3 c5 2. g3 Nc6 3. d4 cxd4 4. Nxd4 g6 5. Bg2 Bg7 6. Nxc6 dxc6 7. Qxd8+ Kxd8 8.
a4 a5 9. Nd2 Be6 10. Ne4 Bc4 11. Bf4 f5 12. O-O-O+ Kc8 13. Nc5 Nf6 14. Rd2 Nd5 15.
b3 Nxf4 16. gxf4 Bf7 17. Rd7 Re8 18. Rhd1 Rb8 19. e3 Bc3 20. R7d3 Bb4 21. Nd7 Bd6 22. Ne5 Bxe5 23. fxe5 Be6 24. h4 Kc7 25. h5 g5 26.
h6 g4 27. Kb2 Rg8 28. Rh1 Rbf8 29. Rd4 Rg5 30. Rf4 Rd8 31. e4 Rd4 32. Kc3 c5 33. Re1 Bd7 34. f3 g3 35. Rh4 fxe4 36. f4 Rg8 37.
Re3 Rd1 38. Rh5 Rg1 39. Rg5 Rxg5 40. fxg5 Rxg2 41. Rxe4 Bf5 42. Rf4 Rxc2# 0-1

[Event "*** Titled Tuesday Blitz"]
[Site "Chess.com"]
[Date "2019.07.02"]
[Round "6"]
[White "GeorgeTen"]
[Black "WarlordX"]
[Result "0-1"]
[WhiteElo "2240"]
[BlackElo "2391"]
[TimeControl "180+2"]
[EndTime "14:23:00 PDT"]
[Termination "WarlordX won by resignation"]

1. d4 Nf6 2. Nf3 d5 3. c4 c6 4. Nc3 Nbd7 5. e3 Nb6 6. b3 Bg4 7. c5 Nbd7 8. Be2 Qc7 9. O-O g6 10. b4 Bg7 11. Nd2 h5 12. f4 Bf5 13. Bf3 Ng4 14. Qe2 O-O 15. h3 Ngf6 16. Bb2 Rae8 17.
g4 hxg4 18. hxg4 Be6 19. Kg2 b6 20. Rh1 a5 21. a3 bxc5 22. bxc5 Rb8 23. Rab1 Rb7 24.
Ba1 Rfb8 25. g5 Ne8 26. Rxb7 Rxb7 27. Qf2 Bf5 28. Qh4 f6 29. Ne2 Bd3 30. Ng3 a4 31. f5 gxf5 32. Qh7+ Kf8 33. Bh5 Qxg3+ 34. Kxg3 f4+ 35. exf4 Bxh7 36. g6 Bg8 37. f5 Bh6 38. Bc3 Ng7 39. Bg4 Bg5 40. Nf3 Rb3 41. Bb4 e6 42. Kg2 exf5 43. Nxg5 fxg5 44. Be2 Ne6 45.
Ba6 Nxd4 46. Bc8 Ne5 47. Re1 Rb2+ 48. Kf1 Ng4 49. Bc3 Rf2+ 50. Kg1 Nf3+ 0-1

[Event "*** Titled Tuesday Blitz"]
[Site "Chess.com"]
[Date "2019.07.02"]
[Round "6"]
[White "Mazanchenko_Dmitry"]
[Black "Vadim_Biliy"]
[Result "1-0"]
[WhiteElo "2224"]
[BlackElo "2212"]
[TimeControl "180+2"]
[EndTime "14:23:02 PDT"]
[Termination "Mazanchenko_Dmitry won on time"]

1. e4 d6 2. d4 Nf6 3. Nc3 g6 4. Be3 c6 5. f3 b5 6. a3 Nbd7 7. Qd2 Nb6 8. b3 Bg7 9. Bd3 O-O 10. Nge2 a5 11. Bh6 b4 12. Nd1 c5 13. Bxg7 Kxg7 14. e5 Nfd5 15. Be4 cxd4 16. axb4 dxe5 17. bxa5 f5 18.
Bxd5 Nxd5 19. c4 Nf6 20. h4 Bb7 21. h5 Nxh5 22. Rxh5 gxh5 23. Qg5+ Kh8 24. Qxh5 Rxa5 25. Rb1 e4 26. Nf4 Ra6 27. Nf2 Qa5+ 28. Kf1 exf3 29. gxf3 Qe5 30. N2h3 Qe3 31. Ng5 h6 32. Nfe6 Rxe6 33.
Nxe6 Qxe6 34. Re1 Qf6 35. Kf2 e5 36. Rh1 e4 37. Qh2 e3+ 38. Ke1 d3 39. Kf1 Qa1+ 40.
Kg2 Rg8+ 41. Kh3 1-0

[Event "*** Titled Tuesday Blitz"]
[Site "Chess.com"]
[Date "2019.07.02"]
[Round "6"]
[White "ENEASZ"]
[Black "WildTricks"]
[Result "1-0"]
[WhiteElo "2506"]
[BlackElo "2302"]
[TimeControl "180+2"]
[EndTime "14:23:06 PDT"]
[Termination "ENEASZ won by checkmate"]

1. d4 Nf6 2. c4 e6 3. g3 d5 4. Bg2 Be7 5. Nf3 O-O 6. O-O dxc4 7. Qc2 c6 8. Qxc4 b5 9. Qb3 Qb6 10. Rd1 Bb7 11. Nc3 Rd8 12. Bg5 Nbd7 13. Rac1 h6 14. Bxf6 Nxf6 15. e3 Rac8 16. Ne5 a6 17.
Na4 Qa7 18. Nc5 Nd5 19. Rc2 a5 20. a3 a4 21. Qa2 b4 22. Qc4 b3 23. Rcc1 Nb6 24. Qe2 Nd5 25. h4 f6 26. Ned3 e5 27.
Ne6 Rd6 28. Ndc5 Re8 29. Qg4 Bf8 30. Bh3 Bc8 31. dxe5 fxe5 32. Qg6 Bxe6 33. Qxe8 Bf7 34. Qxe5 Rf6 35. Rd2 Bxc5 36. Bg2 Nxe3 37. fxe3 Bxe3+ 38.
Kh2 Bxd2 39. Rd1 Ba5 40. Rd4 Bc7 41. Qe4 Re6 42. Qg4 Rg6 43. Qc8+ Kh7 44. Rd3 Be6 45. Qe8 Qf2 46. Rf3 Bxg3+ 47. Kh1 Qe1+ 48. Rf1 Qe5 49. Rf8 Rg4 50. Rh8# 1-0